[Event "GER-ch Youth-U14w 2022"]
[Site "Willingen"]
[Date "2022.06.11"]
[Round "9.9"]
[White "Fock, Madiha"]
[Black "Modali, Nikhilamrutha"]
[Result "1/2-1/2"]
[ECO "B40"]
[WhiteElo "1468"]
[BlackElo "1262"]
[Annotator "NA RC COMBH"]
[PlyCount "42"]
[EventDate "2022.06.05"]
[EventType "swiss"]
[EventRounds "9"]
[EventCountry "GER"]
[SourceTitle "playchess.com"]
[Source "ChessBase"]
[SourceQuality "1"]
[TimeControl "40/4500+30:900+30"]

1. e4 c5 2. Nf3 e6 3. g3 d5 4. exd5 exd5 5. d4 Nc6 6. Bg2 Bg4 7. Qe2+ Qe7 8. Qxe7+ Bxe7 9. dxc5 Bxc5 10. O-O Nf6 11. Re1+ Ne4 12. Be3 O-O 13. Bxc5 Nxc5 14. Ne5 Rfe8 15. f4 Nxe5 16. fxe5 Nd7 17. Bxd5 Rxe5 18. Nc3 Rae8 19. Rxe5 Nxe5 20. Rf1 Be6 21. Bxe6 Rxe6 1/2-1/2

[Event "GER-ch Youth-U14w 2022"]
[Site "Willingen"]
[Date "2022.06.11"]
[Round "9.10"]
[White "Bursan, Ana-Maria"]
[Black "Flierl, Veronika"]
[Result "1-0"]
[ECO "B12"]
[WhiteElo "1329"]
[BlackElo "1427"]
[Annotator "NA RC COMBH"]
[PlyCount "99"]
[EventDate "2022.06.05"]
[EventType "swiss"]
[EventRounds "9"]
[EventCountry "GER"]
[SourceTitle "playchess.com"]
[Source "ChessBase"]
[SourceQuality "1"]
[TimeControl "40/4500+30:900+30"]

1. e4 c6 2. d4 d5 3. e5 Bf5 4. Bd3 Bxd3 5. Qxd3 e6 6. a3 Nd7 7. Nf3 Qb6 8. b4 a5 9. bxa5 Qxa5+ 10. Bd2 Qc7 11. O-O Ne7 12. Re1 Nf5 13. Bg5 h6 14. Bh4 c5 15. c4 Qc6 16. cxd5 Qxd5 17. Nc3 Qc6 18. d5 Qa6 19. Nb5 Rc8 20. d6 Qb6 21. Rab1 Qa5 22. Nc7+ Rxc7 23. dxc7 Qxc7 24. Qe4 Nxh4 25. Nxh4 Nb6 26. Red1 Be7 27. Rxb6 O-O 28. Rxb7 Qa5 29. Rxe7 Qc3 30. f4 Qxa3 31. Red7 Qa5 32. f5 Qb6 33. R7d6 Qa7 34. fxe6 fxe6 35. Qc4 Kh7 36. Rxe6 Qf7 37. Qe4+ Kg8 38. Qc4 Qf2+ 39. Kh1 Kh7 40. Qe4+ Kg8 41. Qe1 Qf7 42. Rc6 Qc4 43. h3 Re8 44. e6 Qb5 45. Rc7 Qb6 46. Qg3 g5 47. Nf5 Qxe6 48. Qc3 Qg6 49. Rg7+ Qxg7 50. Qxg7# 1-0

[Event "GER-ch Youth-U14w 2022"]
[Site "Willingen"]
[Date "2022.06.11"]
[Round "9.11"]
[White "Margaryan, Sofia"]
[Black "Hoffmann, Sophia"]
[Result "1/2-1/2"]
[ECO "D18"]
[WhiteElo "1181"]
[BlackElo "1289"]
[Annotator "NA RC COMBH"]
[PlyCount "69"]
[EventDate "2022.06.05"]
[EventType "swiss"]
[EventRounds "9"]
[EventCountry "GER"]
[SourceTitle "playchess.com"]
[Source "ChessBase"]
[SourceQuality "1"]
[TimeControl "40/4500+30:900+30"]

1. d4 d5 2. c4 c6 3. Nc3 dxc4 4. a4 Nf6 5. Nf3 Bf5 6. e3 e6 7. Bxc4 Nbd7 8. O-O Bb4 9. Bd2 O-O 10. Qe2 Bxc3 11. bxc3 Re8 12. Bd3 Bxd3 13. Qxd3 e5 14. Qe2 e4 15. Ne1 Rc8 16. Nc2 c5 17. Na3 Nb6 18. Rfb1 Qd5 19. c4 Qd7 20. a5 Na8 21. d5 b6 22. axb6 axb6 23. Nb5 Nc7 24. Nxc7 Qxc7 25. Bc3 Nd7 26. h3 Ra8 27. Rxa8 Rxa8 28. Qb2 f6 29. Ra1 Rb8 30. Qb5 Ne5 31. Bxe5 Qxe5 32. Ra7 Qd6 33. Rd7 Qe5 34. d6 Ra8 35. g3 1/2-1/2

[Event "GER-ch Youth-U14w 2022"]
[Site "Willingen"]
[Date "2022.06.11"]
[Round "9.12"]
[White "Brandt, Greta"]
[Black "Heuberger, Sandra"]
[Result "1/2-1/2"]
[ECO "A15"]
[WhiteElo "1458"]
[BlackElo "1101"]
[Annotator "NA RC COMBH"]
[PlyCount "87"]
[EventDate "2022.06.05"]
[EventType "swiss"]
[EventRounds "9"]
[EventCountry "GER"]
[SourceTitle "playchess.com"]
[Source "ChessBase"]
[SourceQuality "1"]
[TimeControl "40/4500+30:900+30"]

1. c4 Nf6 2. g3 g6 3. Bg2 Bg7 4. Nc3 O-O 5. e4 d6 6. Nge2 e5 7. O-O Nc6 8. d3 Nd4 9. h3 Nd7 10. Nxd4 exd4 11. Ne2 a5 12. b3 c5 13. Bf4 Ne5 14. Kh2 Re8 15. Qd2 Qc7 16. Rad1 Bd7 17. Bh6 Rab8 18. Bxg7 Kxg7 19. f4 Nc6 20. f5 Ne5 21. f6+ Kh8 22. Qh6 Rg8 23. Rf4 g5 24. Rf2 Bg4 25. Kh1 Rg6 26. Qxg6 hxg6 27. hxg4 Nxg4 28. Rf3 Re8 29. Bh3 Qd7 30. Kg2 Kg8 31. Re1 Ne3+ 32. Rxe3 g4 33. Bxg4 Qxg4 34. Rf3 Qg5 35. Rf4 Re6 36. Ref1 Kf8 37. Ng1 Ke8 38. Nh3 Qh6 39. g4 g5 40. Rf5 Re5 41. Rxe5+ dxe5 42. Rf5 Kd7 43. Rxe5 Kc6 44. Rxg5 1/2-1/2

[Event "GER-ch Youth-U14w 2022"]
[Site "Willingen"]
[Date "2022.06.11"]
[Round "9.13"]
[White "Marrufo, Emilia"]
[Black "Steinlechner, Katja"]
[Result "0-1"]
[ECO "D00"]
[WhiteElo "998"]
[BlackElo "1317"]
[Annotator "NA RC COMBH"]
[PlyCount "110"]
[EventDate "2022.06.05"]
[EventType "swiss"]
[EventRounds "9"]
[EventCountry "GER"]
[SourceTitle "playchess.com"]
[Source "ChessBase"]
[SourceQuality "1"]
[TimeControl "40/4500+30:900+30"]

1. d4 d5 2. Bf4 Nf6 3. Nc3 Bf5 4. e3 c6 5. f3 e6 6. h4 h5 7. Be2 Bd6 8. g4 Bxf4 9. exf4 Bg6 10. Qd2 Qc7 11. Nh3 hxg4 12. fxg4 Rxh4 13. O-O-O Nbd7 14. Rde1 O-O-O 15. Nf2 Rdh8 16. Rhg1 c5 17. a3 cxd4 18. Qxd4 Qb6 19. Qxb6 Nxb6 20. Nd3 Bxd3 21. cxd3 a6 22. f5 e5 23. g5 Nh5 24. Bxh5 R8xh5 25. Rxe5 d4 26. Nd1 Rh1 27. Rxh1 Rxh1 28. Re8+ Kd7 29. Rg8 Rf1 30. Rxg7 Rxf5 31. g6 Ke6 32. Rg8 fxg6 33. Rxg6+ Rf6 34. Rg4 Ke5 35. Rg7 Na4 36. Rxb7 Nc5 37. Kc2 Nxb7 38. b4 a5 39. Kb3 axb4 40. Kxb4 Rf3 41. Kc4 Nd6+ 42. Kc5 Rxd3 43. Nf2 Rxa3 44. Ng4+ Ke6 45. Nh6 d3 46. Ng4 d2 47. Nf2 Ne4+ 48. Nxe4 d1=Q 49. Kb4 Qb3+ 50. Kc5 Qd5+ 51. Kb4 Qxe4+ 52. Kxa3 Qb1 53. Ka4 Kd6 54. Ka3 Kc5 55. Ka4 Qb4# 0-1

[Event "GER-ch Youth-U14w 2022"]
[Site "Willingen"]
[Date "2022.06.11"]
[Round "9.14"]
[White "Funke, Luise"]
[Black "Göb, Franziska"]
[Result "0-1"]
[ECO "C54"]
[WhiteElo "970"]
[BlackElo "1362"]
[Annotator "NA RC COMBH"]
[PlyCount "74"]
[EventDate "2022.06.05"]
[EventType "swiss"]
[EventRounds "9"]
[EventCountry "GER"]
[SourceTitle "playchess.com"]
[Source "ChessBase"]
[SourceQuality "1"]
[TimeControl "40/4500+30:900+30"]

1. e4 e5 2. Nf3 Nc6 3. Bc4 Bc5 4. c3 Nf6 5. d4 exd4 6. e5 d5 7. Bb5 Ne4 8. cxd4 Bb6 9. Bxc6+ bxc6 10. O-O O-O 11. Nc3 Bg4 12. Qd3 Qd7 13. Nxe4 Bxf3 14. Qxf3 Bxd4 15. Bh6 dxe4 16. Qxe4 gxh6 17. Rad1 c5 18. b4 Qe6 19. Rd3 Bxe5 20. Re1 Rfe8 21. Rde3 Qxa2 22. bxc5 Bxh2+ 23. Kxh2 Rxe4 24. Rxe4 Qxf2 25. c6 a5 26. R1e2 Qf5 27. g4 Qf6 28. Rc2 Qd6+ 29. Kh3 Qd3+ 30. Kh4 Qxe4 31. Rc5 Qe7+ 32. Kh3 Qxc5 33. Kh4 Qf2+ 34. Kh5 Rd8 35. g5 Rd5 36. Kg4 Rxg5+ 37. Kh3 Qg3# 0-1

[Event "GER-ch Youth-U14w 2022"]
[Site "Willingen"]
[Date "2022.06.11"]
[Round "9.15"]
[White "Eichhorn, Mathilda"]
[Black "Lorenz, Rebecca"]
[Result "1-0"]
[ECO "C42"]
[WhiteElo "1330"]
[BlackElo "733"]
[Annotator "NA COMBH RC"]
[PlyCount "49"]
[EventDate "2022.06.05"]
[EventType "swiss"]
[EventRounds "9"]
[EventCountry "GER"]
[SourceTitle "playchess.com"]
[Source "ChessBase"]
[SourceQuality "1"]
[TimeControl "40/4500+30:900+30"]

1. e4 e5 2. Nf3 Nf6 3. Nc3 Bc5 4. Bc4 d6 5. h3 O-O 6. d3 Nc6 7. Bg5 Qe7 8. Nd5 Qd8 9. Qd2 Be6 10. Bxf6 gxf6 11. Qh6 Bxd5 12. Bxd5 Nb4 13. Bb3 Qe7 14. g4 Rfd8 15. a3 Nc6 16. g5 fxg5 17. Nxg5 Qxg5 18. Qxg5+ Kf8 19. Qf5 Rd7 20. Qxd7 Nd8 21. Rg1 Bb6 22. O-O-O h6 23. Rg2 c6 24. Qxd6+ Ke8 {[%emt 0:00:39] Check Result:?ev?} 25. Rg8# 1-0